 Dungeon Sprint DCSS version 0.19.1 (webtiles) character file.

7648 equalderp2856 the Eviscerator (level 10, -17/49 HPs)
             Began as a Felid Fighter on Dec 5, 2016.
             Was the Champion of Kikubaaqudgha.
             Killed from afar by an ice dragon (30 damage)
             ... with a blast of cold
             ... in the Dungeon (Sprint IX: "|||||||||||||||||||||||||||||").
             The game lasted 00:16:53 (7527 turns).

equalderp2856 the Eviscerator (Felid Fighter)       Turns: 7527, Time: 00:16:54

Health: -17/49     AC:  2    Str: 13    XL:     10   Next: 99%
Magic:  17/17      EV: 33    Int: 15    God:    Kikubaaqudgha [******]
Gold:   1941       SH:  0    Dex: 16    Spells: 2 memorised, 11 levels left
                                        Lives:  0   Deaths: 2

rFire  . . .     SeeInvis +       - Unarmed
rCold  . . .     Gourm    .     (armour unavailable)
rNeg   . . .     Faith    .     (shield unavailable)
rPois  .         Spirit   .     (helmet unavailable)
rElec  .         Reflect  .     (cloak unavailable)
rCorr  .         Harm     .     (gloves unavailable)
MR     +....     NoTele   +     (boots unavailable)
Stlth  ++++++....               (no amulet)
                                n - +3 ring of intelligence
                                m - +2 ring of evasion

@: quick
A: no armour, no weapons or thrown items, stealth, claws 1, fangs 3, see
invisible, carnivore 3, speed 1, shaggy fur 2, slow metabolism 1, sharp paws
a: Receive Corpses, Torment, Renounce Religion


You were in the Dungeon.
You worshipped Kikubaaqudgha.
Kikubaaqudgha was exalted by your worship.
You were not hungry.

You visited 1 branch You collected 1941 gold pieces.

Inventory:

Jewellery
 m - a +2 ring of evasion (left paw)
 n - a +3 ring of intelligence (right paw)
 v - a +4 ring of intelligence
 w - an uncursed ring of protection from magic
 x - an uncursed amulet of harm
Wands
 l - a wand of acid (7/15)
Scrolls
 h - 2 scrolls of blinking
 j - 4 scrolls of remove curse
 k - 2 scrolls of amnesia
 t - 2 scrolls of fear
 u - 2 scrolls of fog
 y - a scroll of identify
 A - a scroll of recharging
Potions
 a - a potion of might
 c - a potion of curing
 d - a potion of invisibility
 e - a potion of haste
 f - 4 potions of magic
 g - a potion of berserk rage
 q - 2 potions of cure mutation
 r - 3 potions of agility
 s - a potion of brilliance
Books
 i - a Necronomicon

   Spells                             Type                      Level
   a - Haunt                          Necromancy/Summoning         7
   b - Borgnjor's Revivification      Necromancy                   8
   c - Death's Door                   Charms/Necromancy            8
   d - Infestation                    Necromancy                   8
   e - Necromutation                  Transmutation/Necromancy     8
 o - Kikubaaqudgha's Almanac of Sinister Magic
   (Kikubaaqudgha gifted it to you in the Dungeon)

   Spells                             Type                      Level
   a - Animate Skeleton               Necromancy                   1
   b - Corpse Rot                     Necromancy                   2
   c - Sublimation of Blood           Necromancy                   2
   d - Regeneration                   Charms/Necromancy            3
   e - Control Undead                 Necromancy                   4
 p - Kikubaaqudgha's Grimoire of Necromancy
   (Kikubaaqudgha gifted it to you in the Dungeon)

   Spells                             Type                      Level
   a - Bolt of Draining               Conjuration/Necromancy       5
   b - Agony                          Necromancy                   5
   c - Cigotuvi's Embrace             Necromancy                   5
   d - Dispel Undead                  Necromancy                   5
   e - Death Channel                  Necromancy                   6
Comestibles
 b - 11 meat rations


   Skills:
 + Level 8.7 Fighting
 + Level 15.6 Dodging
 + Level 13.9 Stealth
 + Level 23.4 Unarmed Combat
 * Level 4.4 Spellcasting
 * Level 4.8 Necromancy


You had 11 spell levels left.
You knew the following spells:

 Your Spells              Type           Power        Failure   Level  Hunger
a - Animate Skeleton      Necr           N/A          2%          1    None
b - Bolt of Draining      Conj/Necr      ##........   99%         5    ######.


Dungeon Overview and Level Annotations

Branches:
Dungeon (1/1)

Altars:
Cheibriados
Dithmenos
Elyvilon
Fedhas
Gozag
Hepliaklqana
Kikubaaqudgha
Makhleb
Nemelex Xobeh
Okawaru
Qazlal
Ru
Sif Muna
Trog
Uskayaw
Vehumet
Xom
Yredelemnul
Zin
The Shining One
Beogh
Jiyva
Lugonu

Shops:
D [![?


Innate Abilities, Weirdness & Mutations

You cannot wear armour.
You are incapable of wielding weapons or throwing items.
Your paws allow you to move quietly. (Stealth)
You have sharp claws.
You have razor-sharp teeth.
You have supernaturally acute eyesight. (SInv)
You are carnivorous and can eat meat at any time.
You cover ground quickly.
You are covered in thick fur. (AC +2)
You have a slow metabolism.
Your sharp claws are effective at attacking unaware monsters.


Message History

You kill the rakshasa!
Kikubaaqudgha accepts your kill. The ice dragon completely misses you.
The ice dragon claws you! The ice dragon completely misses you.
Items here: ( ) [[ a trident; a robe; a large rock; a +1 pair of boots You scratch the ice dragon.
The ice dragon is lightly wounded.
The ice dragon completely misses you. The ice dragon claws you!
* * * LOW HITPOINT WARNING * * *
The ice dragon closely misses you.
You scratch the ice dragon.
The ice dragon is lightly wounded.
You scratch the ice dragon. You bite the ice dragon.
The ice dragon is lightly wounded.
The ice dragon breathes frost at you. The blast of cold hits you!
Ouch! That really hurt!
You die...
Kikubaaqudgha rasps: "You have failed me!
Welcome... death!"

).?.?.'.........'.........'..†...
▓▓▓▓▓▓▓▓▓▓▓▓▓▓▓▓▓▓▓▓▓▓▓▓▓▓▓▓▓▓▓▓▓
.(................)...)....).....
▓▓▓▓▓▓▓▓▓▓▓▓▓▓▓▓▓▓▓▓▓▓▓▓▓▓▓▓▓▓▓▓▓
)....(.).)..)()).).......')....∩.
▓▓▓▓▓▓▓▓▓▓▓▓▓▓▓▓▓▓▓▓▓▓▓▓▓▓▓▓▓▓▓▓▓
)......................).........
▓▓▓▓▓▓▓▓▓▓▓▓▓▓▓▓▓▓▓▓▓▓▓▓▓▓▓▓▓▓▓▓▓
)))))))).[[[[[[[@D(...)....))....
▓▓▓▓▓▓▓▓▓▓▓▓▓▓▓▓▓▓▓▓▓▓▓▓▓▓▓▓▓▓▓▓▓


You could see an ice dragon.

Vanquished Creatures
  A stone giant (D)
  An ogre mage (D)
  Harold (D)
  A rakshasa (D)
  A hydra (D)
  Erica (D)
  A centaur warrior (D)
  Sonja (D)
  4 lindwurms (D)
  6 orc knights (D)
  2 hill giants (D)
  An ugly thing (D)
  An elephant (D)
  2 spiny frogs (D)
  A kobold demonologist (D)
  A rime drake (D)
  A meliai (D)
  A hornet (D)
  A tyrant leech (D)
  2 slime creatures (D)
  A hippogriff (D)
  Eustachio (D)
  A shadow (D)
  A wyvern (D)
  Grum (D)
  A yak (D)
  A hungry ghost (D)
  5 water moccasins (D)
  A porcupine (D)
  20 orc warriors (D)
  A sky beast (D)
  An ogre (D)
  A necrophage (D)
  An ice beast (D)
  A centaur (D)
  5 wolves (D)
  3 crocodiles (D)
  4 bullfrogs (D)
  7 orc priests (D)
  A hound (D)
  A jelly (D)
  3 orc wizards (D)
  A shadow imp (D)
  An ooze (D)
  3 worms (D)
  A dart slug (D)
  3 orcs (D)
  A frilled lizard (D)
  A kobold (D)
  2 quokka zombies (D)
  2 rats (D)
108 creatures vanquished.

Notes
Turn   | Place    | Note
-------+----------+-------------------------------------------
     0 | D        | equalderp2856 the Felid Fighter began the quest for the Orb.
     0 | D        | Reached XP level 1. HP: 10/10 MP: 2/2
    17 | D        | Reached skill level 1 in Stealth
   121 | D        | Noticed a necrophage
   121 | D        | Noticed a centaur
   125 | D        | Killed a necrophage
   125 | D        | Reached skill level 7 in Unarmed Combat
   125 | D        | Reached XP level 2. HP: 4/14 MP: 3/3
   125 | D        | Reached XP level 3. HP: 4/17 MP: 4/4
   125 | D        | Reached XP level 4. HP: 6/21 MP: 5/5
   130 | D        | Killed a centaur
   130 | D        | Reached skill level 5 in Fighting
   130 | D        | Reached skill level 9 in Unarmed Combat
   130 | D        | Reached XP level 5. HP: 19/26 MP: 6/6
   337 | D        | Found a roughly hewn altar of Beogh.
   337 | D        | Found a snail-covered altar of Cheibriados.
   337 | D        | Found a shadowy altar of Dithmenos.
   337 | D        | Found a white marble altar of Elyvilon.
   337 | D        | Found a blossoming altar of Fedhas.
   337 | D        | Found an opulent altar of Gozag.
   338 | D        | Found a hazy altar of Hepliaklqana.
   339 | D        | Found a viscous altar of Jiyva.
   340 | D        | Found an ancient bone altar of Kikubaaqudgha.
   341 | D        | Found a corrupted altar of Lugonu.
   342 | D        | Found a burning altar of Makhleb.
   343 | D        | Found a sparkling altar of Nemelex Xobeh.
   344 | D        | Found an iron altar of Okawaru.
   345 | D        | Found a stormy altar of Qazlal.
   346 | D        | Found a sacrificial altar of Ru.
   347 | D        | Found a deep blue altar of Sif Muna.
   348 | D        | Found a bloodstained altar of Trog.
   349 | D        | Found a hide-covered altar of Uskayaw.
   350 | D        | Found a radiant altar of Vehumet.
   351 | D        | Found a shimmering altar of Xom.
   352 | D        | Found a basalt altar of Yredelemnul.
   353 | D        | Found a glowing silver altar of Zin.
   354 | D        | Found a glowing golden altar of the Shining One.
   528 | D        | Became a worshipper of Kikubaaqudgha
   554 | D        | Noticed a hippogriff
   554 | D        | Noticed a hill giant
   554 | D        | Noticed a hungry ghost
   554 | D        | Noticed a crocodile
   558 | D        | Killed a hippogriff
   558 | D        | Reached skill level 11 in Unarmed Combat
   558 | D        | Gained mutation: You are covered in thick fur. (AC +2) [Felid growth]
   558 | D        | Reached XP level 6. HP: 31/31 MP: 7/7
   570 | D        | Killed a hill giant
   570 | D        | Reached skill level 13 in Unarmed Combat
   570 | D        | Reached XP level 7. HP: 36/36 MP: 8/8
   575 | D        | Reached * piety under Kikubaaqudgha
   575 | D        | Identified Kikubaaqudgha's Almanac of Sinister Magic (Kikubaaqudgha gifted it to you in the Dungeon)
   575 | D        | Received a gift from Kikubaaqudgha
   575 | D        | Reached skill level 10 in Dodging
   583 | D        | Killed a hungry ghost
   583 | D        | Reached skill level 14 in Unarmed Combat
   593 | D        | Reached ** piety under Kikubaaqudgha
   593 | D        | Reached XP level 8. HP: 36/40 MP: 9/9
   602 | D        | Noticed a slime creature
   602 | D        | Noticed a hill giant
   653 | D        | Killed a slime creature
   653 | D        | Reached *** piety under Kikubaaqudgha
   653 | D        | Identified Kikubaaqudgha's Grimoire of Necromancy (Kikubaaqudgha gifted it to you in the Dungeon)
   653 | D        | Received a gift from Kikubaaqudgha
   653 | D        | Reached skill level 5 in Stealth
   698 | D        | Killed a hill giant
   698 | D        | Reached skill level 15 in Unarmed Combat
   868 | D        | Reached skill level 16 in Unarmed Combat
   868 | D        | Reached XP level 9. HP: 43/43 MP: 10/10
   874 | D        | Reached **** piety under Kikubaaqudgha
   903 | D        | Reached ***** piety under Kikubaaqudgha
   912 | D        | Reached skill level 17 in Unarmed Combat
  1207 | D        | Noticed a spiny frog
  1207 | D        | Noticed an elephant
  1208 | D        | Noticed a spiny frog
  1212 | D        | Noticed a rime drake
  1213 | D        | Killed a spiny frog
  1429 | D        | Killed an elephant
  1618 | D        | Reached skill level 18 in Unarmed Combat
  1883 | D        | Killed a spiny frog
  1883 | D        | Reached XP level 10. HP: 47/48 MP: 11/11
  1885 | D        | Reached ****** piety under Kikubaaqudgha
  2008 | D        | Reached skill level 10 in Stealth
  2066 | D        | Noticed a lindwurm
  2066 | D        | Noticed a lindwurm
  2066 | D        | Noticed a lindwurm
  2067 | D        | Noticed a lindwurm
  2070 | D        | Killed a lindwurm
  2077 | D        | Killed a lindwurm
  2077 | D        | Reached skill level 19 in Unarmed Combat
  2289 | D        | Killed a lindwurm
  2866 | D        | Killed a lindwurm
  3002 | D        | Noticed Eustachio
  3005 | D        | Noticed Sonja
  3009 | D        | Killed Eustachio
  3029 | D        | Killed Sonja
  3583 | D        | Reached skill level 20 in Unarmed Combat
  3758 | D        | Reached XP level 11. HP: 36/51 MP: 12/12
  3885 | D        | Noticed an orc knight
  4369 | D        | Killed an orc knight
  4564 | D        | Found Vaam's Antique Armour Emporium.
  4564 | D        | Noticed an orc knight
  4565 | D        | Noticed an orc knight
  4635 | D        | Killed an orc knight
  4865 | D        | Killed an orc knight
  4865 | D        | Reached skill level 21 in Unarmed Combat
  5145 | D        | Noticed an orc knight
  5387 | D        | Mangled by an orc knight
  5388 | D        | Reached XP level 10. HP: -8/49 MP: 11/11
  5388 | D        | Noticed Harold
  5393 | D        | Noticed Grum
  5401 | D        | Killed Harold
  5433 | D        | Killed Grum
  5721 | D        | Noticed Erica
  5733 | D        | Killed Erica
  5733 | D        | Reached skill level 15 in Dodging
  5733 | D        | Reached skill level 22 in Unarmed Combat
  5774 | D        | Found Kewos's Magic Scroll Shoppe.
  5774 | D        | Noticed an orc knight
  5776 | D        | Killed an orc knight
  5777 | D        | Found Feesined's Antique Armour Emporium.
  5780 | D        | Found Buoh's Distillery.
  5808 | D        | Killed an orc knight
  5808 | D        | Reached XP level 11. HP: 52/52 MP: 12/12
  6042 | D        | Received a gift from Kikubaaqudgha
  6056 | D        | Learned a level 1 spell: Animate Skeleton
  6062 | D        | Learned a level 5 spell: Bolt of Draining
  6207 | D        | Noticed an orc knight
  6207 | D        | Noticed a six-headed hydra
  6208 | D        | Noticed a centaur warrior
  6528 | D        | Killed an orc knight
  6528 | D        | Reached skill level 1 in Spellcasting
  6528 | D        | Reached skill level 1 in Necromancy
  6681 | D        | Killed a six-headed hydra
  6837 | D        | Noticed an ogre mage
  6845 | D        | Killed a centaur warrior
  6851 | D        | Killed an ogre mage
  6851 | D        | Reached skill level 23 in Unarmed Combat
  7094 | D        | Noticed a green ugly thing
  7095 | D        | Noticed a stone giant
  7096 | D        | Noticed a rakshasa
  7097 | D        | Noticed an ice dragon
  7098 | D        | Noticed an ogre mage
  7105 | D        | Killed a green ugly thing
  7108 | D        | Slain by a stone giant
  7109 | D        | Reached XP level 10. HP: -5/49 MP: 16/16
  7361 | D        | Killed a stone giant
  7523 | D        | Killed a rakshasa
  7527 | D        | Killed from afar by an ice dragon

Skill      XL: |  1  2  3  4  5  6  7  8  9 10 11 |
---------------+----------------------------------+-----
Stealth        | 1 2 4 6 9 13 | 13.9
Fighting       | 4 5 6 7 8 |  8.7
Dodging        | 6 7 8 9 10 11 12 15 | 15.6
Unarmed Combat | 7 9 11 13 14 16 18 22 23 | 23.4
Spellcasting   | 4 3 |  4.4
Necromancy     | 4 3 |  4.8

Action                   |  1- 3 |  4- 6 |  7- 9 | 10-12 || total
-------------------------+-------+-------+-------+-------++-------
Melee: Unarmed           |    14 |    26 |   124 |   331 ||   495
       Bite              |     2 |    10 |    14 |    40 ||    66
       Punch             |       |     1 |     6 |    40 ||    47
 Cast: Animate Skeleton  |       |       |       |     3 ||     3
Invok: Receive Necronomi |       |       |       |     1 ||     1
  Use: Potion            |       |     1 |     3 |     8 ||    12
 Stab: Sleeping          |     1 |       |     5 |     2 ||     8
       Distracted        |       |       |       |     2 ||     2
  Eat: Meat ration       |       |       |       |     2 ||     2
       Chunk             |       |       |       |     9 ||     9
Armor: Skin              |     1 |       |     4 |       ||     5
Dodge: Dodged            |     7 |    23 |    70 |   214 ||   314
